 Dungeon Crawl Stone Soup version 0.25-a0-516-g7d600cd (webtiles) character file.

Game seed: 2287495416047388743, levelgen mode: deterministic

234 15 the Ruffian (level 5, -4/41 HPs)
             Began as a Draconian Transmuter on Feb 16, 2020.
             Killed by Freeze
             ... invoked by FerrousOx's ghost
              (7 damage)
             ... on level 3 of the Dungeon.
             The game lasted 00:09:10 (2212 turns).

15 the Ruffian (Draconian Transmuter)               Turns: 2212, Time: 00:09:10

Health: -4/41      AC:  5    Str: 14    XL:     5   Next: 75%
Magic:  9/9        EV: 13    Int: 13    God:
Gold:   143        SH:  0    Dex: 11    Spells: 3/9 levels left

rFire    . . .     SeeInvis .     - Unarmed
rCold    . . .     Gourm    .   (no shield)
rNeg     + . .     Faith    .   (armour unavailable)
rPois    .         Spirit   .   (helmet restricted)
rElec    .         Reflect  .   (no cloak)
rCorr    .         Harm     .   (no gloves)
MR       .....                  (boots currently unavailable)
Stlth    ++........             (no amulet)
HPRegen  0.13/turn              d - ring of positive energy
MPRegen  0.11/turn              (no ring)

@: appendage, slowed, very slow
A: unfitting armour, talons 3, cold-blooded, AC +5
a: End Transformation


You were on level 3 of the Dungeon.
You were hungry.
You had grown temporary talons.
You visited 1 branch of the dungeon, and saw 3 of its levels.

You collected 143 gold pieces.

Inventory:

Missiles
 a - 68 arrows
Jewellery
 d - a ring of positive energy (left hand)
Scrolls
 g - 2 scrolls of blinking
 h - 4 scrolls of remove curse
 i - a scroll of teleportation {unknown}
 l - a scroll of immolation {unknown}
 n - a scroll of fear {unknown}
 o - a scroll of fog {unknown}
Potions
 e - 2 potions of flight
 f - a potion of ambrosia
 j - 3 potions of cancellation
 k - a potion of invisibility {unknown}
 m - 2 potions of curing
 p - a potion of resistance {unknown}
Comestibles
 b - 3 chunks of flesh
 c - 6 rations


   Skills:
 * Level 1.8 Fighting
 * Level 2.8 Dodging
 + Level 1.4 Stealth
 + Level 4.1 Unarmed Combat
 * Level 2.8 Spellcasting
 * Level 3.3 Transmutations


You had 3 spell levels left.
You knew the following spells:

 Your Spells              Type           Power        Failure   Level  Hunger
a - Beastly Appendage     Tmut           ##....       6%          1    #......
b - Sticks to Snakes      Tmut           ##......     9%          2    ###....
c - Spider Form           Tmut/Pois      #.........   34%         3    ###....

Your spell library contained the following spells:

 Spells                   Type           Power        Failure   Level  Hunger
 Ice Form                 Ice/Tmut       #.......     75%         4    #####..
 Blade Hands              Tmut           ##........   85%         5    ######.


Dungeon Overview and Level Annotations

Branches:
Dungeon (3/15)

Altars:

Annotations:
D:3 1 runed translucent door, FerrousOx's ghost, amateur OpIE


Innate Abilities, Weirdness & Mutations

Your plain brown scales are hard. (AC +5)
You cannot fit into any form of body armour.
You are cold-blooded and may be slowed by cold attacks.
You have claws for feet.


Message History

FerrousOx's ghost hits you. FerrousOx's ghost burns you.
You barely miss FerrousOx's ghost. FerrousOx's ghost misses you.
FerrousOx's ghost hits you. FerrousOx's ghost burns you.
You closely miss FerrousOx's ghost.
FerrousOx's ghost stares at you and mumbles some strange words.
You are frozen.
You hit FerrousOx's ghost but do no damage.
FerrousOx's ghost hits you. FerrousOx's ghost burns you.
FerrousOx's ghost barely misses you.
You hit FerrousOx's ghost but do no damage.
You claw FerrousOx's ghost, but do no damage.
You tail-slap FerrousOx's ghost.
FerrousOx's ghost is lightly damaged.
FerrousOx's ghost stares at you and mumbles some strange words.
You are frozen.
* * * LOW HITPOINT WARNING * * *
You feel as though you will be slow longer.
FerrousOx's ghost casts a spell at you.
You are frozen.
You die...

....#..###...# #....# #...#.#
#..##......#.# #....# #.....#
#.)##......#.# #....# #W.....
#..##.####.#.#####....# #......
#..#.............###### #......
...#.............# #...#..
##...............# #......
.................# #......
####............@##########......
..............Wr............>.
..............##########...###
##.............# #####
#.............# .............#
...........# ........(..#
############


You could see FerrousOx's ghost and a rat.

Vanquished Creatures
  An orc wizard (D:3)
  Natasha (twice) (D:2)
  Robin (D:2)
  5 adders
  An ooze (D:1)
  A worm (D:2)
  A dart slug (D:2)
  A leopard gecko (D:3)
  4 orcs (D:3)
  6 bats
  7 giant cockroaches
  12 goblins
  13 hobgoblins
  3 jackals (D:1)
  4 kobolds
  5 frilled lizards
  7 rats
74 creatures vanquished.

Vanquished Creatures (collateral kills)
  Natasha (D:2)
1 creature vanquished.

Grand Total: 75 creatures vanquished

Notes
Turn   | Place    | Note
-------+----------+-------------------------------------------
     0 | D:1      | 15 the Draconian Transmuter began the quest for the Orb.
     0 | D:1      | Reached XP level 1. HP: 16/16 MP: 3/3
    38 | D:1      | Reached XP level 2. HP: 9/23 MP: 3/5
    60 | D:1      | Learned a level 2 spell: Sticks to Snakes
   556 | D:1      | Reached XP level 3. HP: 21/28 MP: 6/6
   573 | D:1      | Learned a level 3 spell: Spider Form
   928 | D:2      | Noticed Natasha
  1011 | D:2      | Killed Natasha
  1011 | D:2      | Reached XP level 4. HP: 31/35 MP: 1/7
  1135 | D:2      | Reached skill level 4 in Unarmed Combat
  1141 | D:2      | Noticed Robin
  1181 | D:2      | Killed Robin
  1267 | D:2      | Reached XP level 5. HP: 38/40 MP: 6/8
  1275 | D:2      | Noticed Natasha
  1285 | D:2      | Killed Natasha
  1501 | D:2      | Noticed Natasha
  1514 | D:2      | Killed Natasha
  1514 | D:2      | Reached skill level 1 in Stealth
  1732 | D:3      | Found a runed translucent door.
  1740 | D:3      | Noticed FerrousOx's ghost (amateur OpIE)
  2095 | D:3      | Found a runed translucent door.
  2212 | D:3      | Killed from afar by FerrousOx's ghost

Levels and vault maps discovered:
D:1:      minmay_arrival_radiant_lines, layout_basic
D:2:      layout_rooms, uniq_natasha, uniq_robin
D:3:      layout_basic, ebering_ghost_sewer_f

Skill      XL: |  1  2  3  4  5 |
---------------+----------------+-----
Dodging        | 2 |  2.8
Unarmed Combat | 4 |  4.1
Transmutations | 3 |  3.3
Stealth        | 1 |  1.4
Fighting       | |  1.8
Spellcasting   | |  2.8

Action                   |  1- 3 |  4- 6 || total
-------------------------+-------+-------++-------
Melee: Unarmed           |   110 |   135 ||   245
       Tailslap          |     9 |    15 ||    24
       Headbutt          |     9 |     6 ||    15
       Kick              |     2 |    10 ||    12
       Punch             |       |     1 ||     1
 Cast: Beastly Appendage |    10 |    14 ||    24
       Sticks to Snakes  |     3 |     4 ||     7
  Use: Scroll            |     1 |     4 ||     5
       Potion            |       |     3 ||     3
 Stab: Sleeping          |     1 |       ||     1
  Eat: Chunk             |     1 |     4 ||     5
Armor: Skin              |    28 |    43 ||    71
Dodge: Dodged            |    69 |    82 ||   151

Table legend:
 A = Non-vault XP
 B = Vault XP
 C = Vault XP percentage of total XP
 D = Non-vault monster count
 E = Vault monster count
 F = Vault count percentage of total count
                 A         B        C        D         E       F
            +---------+---------+-------+---------+---------+-------
      Total |     272 |      63 |  18.8 |      65 |      10 |  13.3
            +---------+---------+-------+---------+---------+-------
        D:1 |      55 |       0 |   0.0 |      30 |       0 |   0.0
        D:2 |     145 |      63 |  30.3 |      25 |      10 |  28.6
        D:3 |      72 |       0 |   0.0 |      10 |       0 |   0.0
            +---------+---------+-------+---------+---------+-------
